 Dungeon Crawl Stone Soup version 0.19.0-1-g5985abe (webtiles) character file.

224 Franakus the Magician (level 6, 0/57 HPs)
             Began as an Octopode Wizard on Nov 2, 2016.
             Killed from afar by lorenzova's ghost (3 damage)
             ... with an orb of energy
             ... on level 3 of the Dungeon.
             The game lasted 00:34:28 (3753 turns).

Franakus the Magician (Octopode Wizard)             Turns: 3753, Time: 00:34:29

Health: 0/57       AC: 23    Str:  6    XL:     6   Next: 0%
Magic:  0/12       EV:  2    Int: 28    God:
Gold:   181        SH:  0    Dex: 14    Spells: 5 memorised, 4 levels left

rFire  . . .     SeeInvis .     v - +1 falchion (drain)
rCold  . . .     Gourm    .     (no shield)
rNeg   + + +     Faith    .     (helmet currently unavailable)
rPois  +         Spirit   +     t - amulet of guardian spirit
rElec  .         Reflect  .     n - +4 ring of dexterity
rCorr  .         Harm     .     (no ring)
MR     .....     NoTele   +     (no ring)
Stlth  +++.......               (no ring)
                                (no ring)
                                (no ring)
                                (no ring)
                                (no ring)

@: brilliant, tree-form, drained
A: almost no armour, stealthy swim, (amphibious), 8 rings, (constrict 8), rugged
brown scales 1, (camouflage 0), (gelatinous body 0)
a: no special abilities


You were on level 3 of the Dungeon.
You were not hungry.
You were a tree.
You visited 1 branch of the dungeon, and saw 3 of its levels.

You collected 181 gold pieces.

Inventory:

Hand Weapons
 r - a +0 hunting sling
 v - a +1 falchion of draining (weapon)
Missiles
 p - 31 sling bullets
Armour
 a - a +0 hat (melded)
Jewellery
 n - a +4 ring of dexterity (left branch)
 t - an amulet of guardian spirit (around neck)
Wands
 m - a wand of digging (18/24)
Scrolls
 d - a scroll of amnesia {unknown}
 e - 3 scrolls of fear {unknown}
 f - 2 scrolls of identify
 g - 2 scrolls of magic mapping {unknown}
 h - 3 scrolls of remove curse
 o - a scroll of teleportation
 s - a scroll of enchant weapon {unknown}
Potions
 l - a potion of lignification
 q - 2 potions of curing
Books
 b - a book of Minor Magic

   Spells                             Type                      Level
   a - Magic Dart                     Conjuration                  1
   b - Blink                          Translocation                2
   c - Call Imp                       Summoning                    2
   d - Repel Missiles                 Charms/Air                   2
   e - Slow                           Hexes                        2
   f - Conjure Flame                  Conjuration/Fire             3
   g - Mephitic Cloud                 Conjuration/Poison/Air       3
Comestibles
 c - 3 bread rations
 i - a meat ration
 j - 2 beef jerkies
 k - 4 fruits


   Skills:
 + Level 0.6(0.5) Fighting
 - Level 0.4(0.3) Slings
 + Level 2.8(2.7) Dodging
 + Level 4.4(4.3) Stealth
 * Level 4.5(4.4) Spellcasting
 * Level 2.4(2.3) Conjurations
 + Level 1.0(0.9) Summonings
 + Level 1.0(0.9) Translocations
 + Level 0.2(0.1) Fire Magic


You had 4 spell levels left.
You knew the following spells:

 Your Spells              Type           Power        Failure   Level  Hunger
a - Magic Dart            Conj           ####         1%          1    None
b - Blink                 Tloc           N/A          1%          2    None
c - Call Imp              Summ           ####....     1%          2    None
d - Repel Missiles        Chrm/Air       ###...       1%          2    None
e - Conjure Flame         Conj/Fire      ####....     1%          3    ##.....


Dungeon Overview and Level Annotations

Branches:
Dungeon (3/15)

Altars:

Annotations:
D:3 Sigmund; lorenzova's ghost, amateur DECj


Innate Abilities, Weirdness & Mutations

You cannot wear most types of armour.
You are very stealthy in the water. (Stealth+)
((You are amphibious.))
You can wear up to eight rings at the same time.
((You can use your tentacles to constrict eight enemies at once.))
((Your skin changes colour to match your surroundings (Stealth+).))
((Your rubbery body absorbs attacks. (AC +1, EV +1)))
(You are partially covered in rugged brown scales. (AC +1, +3% HP))


Message History

Your crimson imp barely misses lorenzova's ghost.
You completely miss lorenzova's ghost.
Lorenzova's ghost is almost destroyed.
Lorenzova's ghost says, "I practised a lot since I died."
Lorenzova's ghost points at you and mumbles some strange words.
The orb of energy hits you!
* * * LOW HITPOINT WARNING * * *
The orb of energy explodes!
Your crimson imp blinks!
Lorenzova's ghost hits you but does no damage.
You hit lorenzova's ghost.
Lorenzova's ghost is almost destroyed.
Lorenzova's ghost gestures at you while chanting.
The magic dart hits you!
* * * LOW HITPOINT WARNING * * *
You hit lorenzova's ghost but do no damage.
Lorenzova's ghost is almost destroyed.
Lorenzova's ghost gestures at you while chanting.
The orb of energy hits you!
You die...

.#.....#..........#....####.....#
.#.........(...........# #.###.#
.....(o..(.......#.....####.###.#
####(.####..............#...##...
#..#..#..#........#...#...####...
#..#..'..#......).#...#..## #...
#'##Po####......5.#...#..#####...
#.................#...#..........
..{.............♣.).....###).....
....#'#####.....W................
##'##..' #................#.....
#...#..#o.#..)..............#...>
#...#######....)............##...
#####.....)..).......)......##.#.
............................##...
........[...†....)..........###..
......<...###...............##...


You could see lorenzova's ghost and a friendly crimson imp.

Vanquished Creatures
  A scorpion (D:3)
  A crimson imp (D:3)
  A hound (D:2)
  3 adders
  An ooze (D:3)
  2 worms (D:2)
  A dart slug (D:1)
  2 leopard geckos (D:2)
  8 orcs
  3 ball pythons (D:1)
  8 bats
  5 goblins
  5 hobgoblins
  A quokka (D:3)
  3 frilled lizards
  6 kobolds
  6 rats
57 creatures vanquished.

Vanquished Creatures (collateral kills)
  An orc wizard (D:3)
  2 orcs (D:3)
  A quokka (D:2)
  A goblin (D:3)
5 creatures vanquished.

Vanquished Creatures (others)
  A goblin (D:3)
  A plant (D:3)
2 creatures vanquished.

Grand Total: 64 creatures vanquished

Notes
Turn   | Place    | Note
-------+----------+-------------------------------------------
     0 | D:1      | Franakus the Octopode Wizard began the quest for the Orb.
     0 | D:1      | Reached XP level 1. HP: 11/11 MP: 4/4
   361 | D:1      | Reached XP level 2. HP: 8/17 MP: 6/6
   727 | D:2      | Gained mutation: You are partially covered in rugged brown scales. (AC +1, +3% HP) [potion of beneficial mutation]
  1044 | D:2      | Learned a level 2 spell: Blink
  1047 | D:2      | Learned a level 2 spell: Call Imp
  1050 | D:2      | Learned a level 2 spell: Repel Missiles
  1056 | D:2      | Reached XP level 3. HP: 21/21 MP: 5/8
  1553 | D:2      | Reached XP level 4. HP: 17/27 MP: 5/10
  1558 | D:2      | Learned a level 3 spell: Conjure Flame
  2010 | D:3      | Noticed lorenzova's ghost (amateur DECj)
  2280 | D:3      | Reached XP level 5. HP: 27/31 MP: 7/11
  3005 | D:3      | Noticed Sigmund
  3712 | D:3      | Reached XP level 6. HP: 32/38 MP: 3/12
  3753 | D:3      | Killed from afar by lorenzova's ghost

Skill      XL: |  1  2  3  4 |
---------------+-------------+-----
Stealth        | 3 4 |  4.4
Spellcasting   | 4 |  4.5
Conjurations   | 2 |  2.4
Fighting       | |  0.6
Slings         | |  0.4
Dodging        | |  2.8
Summonings     | |  1.0
Translocations | |  1.0
Fire Magic     | |  0.2

Action                   |  1- 3 |  4- 6 || total
-------------------------+-------+-------++-------
Melee: Unarmed           |    59 |    64 ||   123
       Whip              |     5 |       ||     5
       Constrict         |    17 |    26 ||    43
       Tentacles         |    13 |    18 ||    31
       Hunting sling     |       |    34 ||    34
       Falchion          |       |     4 ||     4
 Fire: Hunting sling     |       |    48 ||    48
 Cast: Magic Dart        |    10 |    25 ||    35
       Repel Missiles    |     1 |       ||     1
       Call Imp          |     2 |     6 ||     8
       Conjure Flame     |       |     2 ||     2
  Use: Scroll            |     4 |     1 ||     5
       Potion            |     2 |     4 ||     6
 Stab: Sleeping          |    10 |     2 ||    12
  Eat: Chunk             |     2 |     6 ||     8
       Fruit             |       |     1 ||     1
Armor: Skin              |     9 |    26 ||    35
Dodge: Dodged            |    40 |   102 ||   142
       Deflected         |       |     1 ||     1
